2772 views
Uploaded 2020-03-30 21:47:06
Game version 1.32.3
10:27 long 3on3 ladder game on (6)GnollWood
Saved by BEARAND
2772 views
Uploaded 2020-03-30 21:47:06
Game version 1.32.3
10:27 long 3on3 ladder game on (6)GnollWood


46 units @ 3.4k
/ 0k
75 buildings @ 6.2k
/ 2.4k


| Boots of Speed | 2 | 500 |
| Staff of Teleportation | 2 | 300 |
| total: | 4 | 800g |
| Acolyte | 2 | 150 | / | 0 |
| Ghoul | 7 | 840 | / | 0 |
| total: | 9 | 990g | / | 0w |
| Nerubian Tower | 2 | 200 | / | 40 |
| Crypt | 1 | 200 | / | 50 |
| Ziggurat | 2 | 300 | / | 100 |
| Altar of Darkness | 1 | 180 | / | 50 |
| Graveyard | 1 | 215 | / | 0 |
| Tomb of Relics | 3 | 390 | / | 90 |
| Slaughterhouse | 1 | 140 | / | 135 |
| Halls of the Dead | 1 | 320 | / | 210 |
| Black Citadel | 1 | 325 | / | 230 |
| total: | 9 | 1425g | / | 425w |
| 0:03 | Acolyte |
| 0:06 | Crypt |
| 0:10 | Ziggurat |
| 0:14 | Acolyte |
| 0:21 | Altar of Darkness |
| 0:54 | Ziggurat |
| 1:08 | Ghoul |
| 1:28 | Ghoul |
| 1:28 | Ghoul |
| 1:44 | Nerubian Tower |
| 1:50 | Ghoul |
| 2:11 | Graveyard |
| 2:22 | Death Coil |
| 2:25 | Ghoul |
| 2:40 | Nerubian Tower |
| 2:46 | Ghoul |
| 2:59 | Ghoul |
| 3:59 | Halls of the Dead |
| 4:06 | Boots of Speed |
| 4:11 | Staff of Teleportation |
| 4:34 | Unholy Aura |
| 7:57 | Frost Nova |
| 8:06 | Black Citadel |
| 8:15 | Boots of Speed |
| 8:16 | Staff of Teleportation |
| 8:26 | Tomb of Relics |
| 8:28 | Tomb of Relics |
| 8:30 | Tomb of Relics |
| 8:44 | Death Coil |
| 9:26 | Slaughterhouse |
| Right click | 723 |
| Select group | 388 |
| Select | 109 |
| Resource trade | 29 |
| Build/train/purchase | 25 |
| Use ability | 17 |
| Misc. action | 13 |
| Assign group | 12 |
| Minimap ping | 12 |
| Item give/drop | 3 |


| Boots of Speed | 2 | 500 |
| Staff of Teleportation | 2 | 300 |
| total: | 4 | 800g |
| Peasant | 14 | 1050 | / | 0 |
| total: | 14 | 1050g | / | 0w |
| Scout Tower | 44 | 1320 | / | 880 |
| Arcane Tower | 7 | 490 | / | 350 |
| Guard Tower | 34 | 2380 | / | 1700 |
| Altar of Kings | 1 | 180 | / | 50 |
| Farm | 5 | 400 | / | 100 |
| Lumber Mill | 1 | 120 | / | 0 |
| Arcane Sanctum | 1 | 150 | / | 140 |
| Keep | 1 | 320 | / | 210 |
| Castle | 1 | 360 | / | 210 |
| total: | 52 | 2170g | / | 1170w |
| 0:01 | Peasant |
| 0:01 | Peasant |
| 0:08 | Altar of Kings |
| 0:12 | Peasant |
| 0:18 | Farm |
| 0:23 | Lumber Mill |
| 0:24 | Peasant |
| 0:40 | Scout Tower |
| 0:43 | Peasant |
| 0:59 | Peasant |
| 1:19 | Scout Tower |
| 1:20 | Scout Tower |
| 1:34 | Scout Tower |
| 1:36 | Arcane Tower |
| 1:44 | Peasant |
| 1:45 | Peasant |
| 1:49 | Peasant |
| 1:53 | Peasant |
| 1:55 | Scout Tower |
| 1:57 | Scout Tower |
| 1:58 | Arcane Tower |
| 2:02 | Scout Tower |
| 2:06 | Guard Tower |
| 2:09 | Blizzard |
| 2:20 | Farm |
| 2:21 | Farm |
| 2:23 | Arcane Tower |
| 2:25 | Guard Tower |
| 2:26 | Scout Tower |
| 2:27 | Arcane Tower |
| 2:50 | Guard Tower |
| 2:50 | Scout Tower |
| 3:01 | Guard Tower |
| 3:03 | Scout Tower |
| 3:04 | Peasant |
| 3:04 | Peasant |
| 3:04 | Peasant |
| 3:10 | Peasant |
| 3:18 | Guard Tower |
| 3:21 | Scout Tower |
| 3:22 | Scout Tower |
| 3:29 | Guard Tower |
| 3:31 | Scout Tower |
| 3:31 | Guard Tower |
| 3:41 | Boots of Speed |
| 3:49 | Staff of Teleportation |
| 3:58 | Scout Tower |
| 3:59 | Scout Tower |
| 4:00 | Guard Tower |
| 4:02 | Scout Tower |
| 4:03 | Scout Tower |
| 4:04 | Guard Tower |
| 4:55 | Keep |
| 4:56 | Guard Tower |
| 4:57 | Scout Tower |
| 4:57 | Scout Tower |
| 5:00 | Guard Tower |
| 5:02 | Scout Tower |
| 5:02 | Scout Tower |
| 5:02 | Scout Tower |
| 5:04 | Guard Tower |
| 5:06 | Scout Tower |
| 5:13 | Guard Tower |
| 5:16 | Farm |
| 5:19 | Farm |
| 5:19 | Improved Masonry |
| 5:31 | Guard Tower |
| 5:44 | Guard Tower |
| 5:45 | Scout Tower |
| 5:46 | Scout Tower |
| 5:46 | Scout Tower |
| 5:48 | Guard Tower |
| 6:16 | Guard Tower |
| 6:18 | Guard Tower |
| 6:21 | Scout Tower |
| 6:21 | Scout Tower |
| 6:38 | Guard Tower |
| 6:46 | Brilliance Aura |
| 7:07 | Guard Tower |
| 7:07 | Guard Tower |
| 7:11 | Scout Tower |
| 7:37 | Guard Tower |
| 7:39 | Scout Tower |
| 7:59 | Castle |
| 8:01 | Scout Tower |
| 8:02 | Scout Tower |
| 8:02 | Scout Tower |
| 8:02 | Scout Tower |
| 8:03 | Scout Tower |
| 8:03 | Scout Tower |
| 8:03 | Scout Tower |
| 8:04 | Scout Tower |
| 8:04 | Scout Tower |
| 8:15 | Guard Tower |
| 8:18 | Guard Tower |
| 8:26 | Arcane Sanctum |
| 8:28 | Advanced Masonry |
| 8:28 | Guard Tower |
| 9:22 | Storm Bolt |
| 9:25 | Scout Tower |
| 9:26 | Scout Tower |
| 9:26 | Scout Tower |
| 9:29 | Scout Tower |
| 9:29 | Scout Tower |
| 9:30 | Arcane Tower |
| 9:31 | Guard Tower |
| 9:36 | Boots of Speed |
| 9:51 | Staff of Teleportation |
| 10:06 | Guard Tower |
| 10:26 | Guard Tower |
| 10:29 | Guard Tower |
| Right click | 774 |
| Select | 225 |
| Select group | 85 |
| Build/train/purchase | 78 |
| Use ability | 12 |
| Assign group | 7 |
| Misc. action | 6 |
| Chat | 6 |
| Minimap ping | 2 |
| Remove unit | 1 |


| Circlet of Nobility | 1 | 175 |
| Boots of Speed | 2 | 500 |
| Staff of Teleportation | 3 | 450 |
| total: | 6 | 1125g |
| Wisp | 23 | 1380 | / | 0 |
| total: | 23 | 1380g | / | 0w |
| Altar of Elders | 1 | 180 | / | 50 |
| Moon Well | 10 | 1800 | / | 400 |
| Hunter's Hall | 1 | 210 | / | 100 |
| Tree of Life | 1 | 340 | / | 185 |
| Ancient of Wonders | 1 | 90 | / | 30 |
| Tree of Ages | 2 | 640 | / | 360 |
| Tree of Eternity | 1 | 330 | / | 200 |
| total: | 14 | 2620g | / | 765w |
| 0:02 | Wisp |
| 0:05 | Altar of Elders |
| 0:14 | Wisp |
| 0:17 | Moon Well |
| 0:21 | Wisp |
| 0:32 | Wisp |
| 0:40 | Wisp |
| 0:49 | Wisp |
| 1:10 | Wisp |
| 1:16 | Moon Well |
| 1:27 | Wisp |
| 1:42 | Wisp |
| 1:57 | Wisp |
| 2:06 | Mana Burn |
| 2:07 | Moon Well |
| 2:15 | Wisp |
| 2:31 | Circlet of Nobility |
| 2:38 | Wisp |
| 2:42 | Wisp |
| 3:06 | Wisp |
| 3:12 | Moon Well |
| 3:40 | Boots of Speed |
| 3:49 | Staff of Teleportation |
| 3:56 | Wisp |
| 4:33 | Tree of Ages |
| 5:05 | Moon Well |
| 5:15 | Moon Well |
| 5:53 | Evasion |
| 6:06 | Hunter's Hall |
| 6:35 | Moon Well |
| 6:39 | Moon Well |
| 6:58 | Wisp |
| 6:58 | Wisp |
| 6:59 | Wisp |
| 7:49 | Moon Well |
| 7:51 | Tree of Life |
| 7:56 | Shadow Strike |
| 8:19 | Boots of Speed |
| 8:22 | Staff of Teleportation |
| 8:23 | Staff of Teleportation |
| 9:16 | Tree of Eternity |
| 9:21 | Mana Burn |
| 9:36 | Moon Well |
| 9:45 | Ancient of Wonders |
| 10:14 | Wisp |
| 10:14 | Wisp |
| 10:14 | Wisp |
| 10:14 | Wisp |
| 10:15 | Wisp |
| Right click | 582 |
| Assign group | 425 |
| Select group | 190 |
| Select | 114 |
| Chat | 83 |
| Resource trade | 48 |
| Build/train/purchase | 40 |
| Use ability | 27 |
| Misc. action | 1 |
| Item give/drop | 1 |
| Minimap ping | 1 |
53 units @ 5.3k
/ 0.3k
39 buildings @ 5.2k
/ 1.9k

| Peasant | 11 | 825 | / | 0 |
| Footman | 6 | 810 | / | 0 |
| total: | 17 | 1635g | / | 0w |
| Scout Tower | 4 | 120 | / | 80 |
| Arcane Tower | 1 | 70 | / | 50 |
| Guard Tower | 2 | 140 | / | 100 |
| Altar of Kings | 1 | 180 | / | 50 |
| Barracks | 2 | 320 | / | 120 |
| Farm | 7 | 560 | / | 140 |
| Blacksmith | 1 | 140 | / | 60 |
| Arcane Vault | 1 | 130 | / | 30 |
| Lumber Mill | 1 | 120 | / | 0 |
| Workshop | 2 | 280 | / | 280 |
| Keep | 1 | 320 | / | 210 |
| total: | 19 | 1850g | / | 760w |
| 0:04 | Peasant |
| 0:05 | Peasant |
| 0:06 | Peasant |
| 0:26 | Altar of Kings |
| 0:42 | Barracks |
| 0:44 | Peasant |
| 0:52 | Farm |
| 1:11 | Peasant |
| 1:11 | Peasant |
| 1:14 | Peasant |
| 1:14 | Peasant |
| 1:35 | Farm |
| 1:40 | Peasant |
| 1:41 | Peasant |
| 1:45 | Peasant |
| 2:11 | Footman |
| 2:15 | Farm |
| 2:16 | Farm |
| 2:25 | Scout Tower |
| 2:29 | Scout Tower |
| 2:32 | Footman |
| 2:42 | Footman |
| 2:48 | Blacksmith |
| 2:59 | Barracks |
| 3:01 | Arcane Tower |
| 3:13 | Arcane Vault |
| 3:16 | Holy Light |
| 3:41 | Farm |
| 3:43 | Footman |
| 4:00 | Footman |
| 4:03 | Farm |
| 4:33 | Scout Tower |
| 4:38 | Footman |
| 4:43 | Scout Tower |
| 5:14 | Lumber Mill |
| 5:24 | Farm |
| 6:26 | Guard Tower |
| 6:27 | Guard Tower |
| 6:40 | Keep |
| 7:27 | Defend |
| 9:22 | Workshop |
| 9:26 | Workshop |
| Right click | 656 |
| Select group | 180 |
| Select | 150 |
| Build/train/purchase | 25 |
| Assign group | 7 |
| Minimap ping | 5 |
| Remove unit | 3 |
| Use ability | 2 |

| Boots of Speed | 1 | 250 |
| total: | 1 | 250g |
| Wisp | 10 | 600 | / | 0 |
| Archer | 7 | 910 | / | 70 |
| total: | 17 | 1510g | / | 70w |
| Altar of Elders | 1 | 180 | / | 50 |
| Moon Well | 4 | 720 | / | 160 |
| Ancient of War | 1 | 150 | / | 60 |
| Hunter's Hall | 1 | 210 | / | 100 |
| Ancient of Wonders | 1 | 90 | / | 30 |
| Tree of Ages | 2 | 640 | / | 360 |
| Tree of Eternity | 1 | 330 | / | 200 |
| total: | 8 | 1350g | / | 400w |
| 0:02 | Wisp |
| 0:02 | Wisp |
| 0:10 | Altar of Elders |
| 0:22 | Moon Well |
| 0:31 | Wisp |
| 0:54 | Ancient of War |
| 0:56 | Wisp |
| 1:20 | Wisp |
| 1:34 | Wisp |
| 1:46 | Moon Well |
| 1:55 | Archer |
| 1:58 | Wisp |
| 2:11 | Force of Nature |
| 2:16 | Archer |
| 2:45 | Hunter's Hall |
| 2:55 | Archer |
| 3:03 | Wisp |
| 3:15 | Archer |
| 3:22 | Ancient of Wonders |
| 4:00 | Boots of Speed |
| 4:20 | Archer |
| 4:25 | Tree of Ages |
| 4:40 | Strength of the Moon |
| 5:05 | Archer |
| 5:18 | Moon Armor |
| 5:19 | Archer |
| 6:10 | Moon Well |
| 6:49 | Wisp |
| 6:49 | Wisp |
| 8:08 | Moon Well |
| 8:10 | Tree of Eternity |
| Right click | 245 |
| Select group | 218 |
| Select | 125 |
| Misc. action | 36 |
| Build/train/purchase | 28 |
| Assign group | 10 |
| Use ability | 7 |
| Minimap ping | 3 |


| Scroll of Town Portal | 1 | 350 |
| total: | 1 | 350g |
| Wisp | 9 | 540 | / | 0 |
| Archer | 8 | 1040 | / | 80 |
| Mountain Giant | 1 | 350 | / | 100 |
| Glaive Thrower | 1 | 210 | / | 65 |
| total: | 19 | 2140g | / | 245w |
| Altar of Elders | 1 | 180 | / | 50 |
| Moon Well | 6 | 1080 | / | 240 |
| Ancient of War | 1 | 150 | / | 60 |
| Hunter's Hall | 1 | 210 | / | 100 |
| Ancient of Wonders | 1 | 90 | / | 30 |
| Ancient of Lore | 2 | 310 | / | 290 |
| Tree of Ages | 1 | 320 | / | 180 |
| Tree of Eternity | 1 | 330 | / | 200 |
| total: | 12 | 2020g | / | 770w |
| 0:08 | Altar of Elders |
| 0:11 | Moon Well |
| 0:13 | Wisp |
| 0:13 | Wisp |
| 0:31 | Ancient of War |
| 0:43 | Wisp |
| 0:46 | Wisp |
| 1:22 | Moon Well |
| 1:26 | Wisp |
| 1:43 | Archer |
| 1:49 | Wisp |
| 1:55 | Wisp |
| 2:08 | Archer |
| 2:15 | Immolation |
| 2:18 | Wisp |
| 2:27 | Archer |
| 2:33 | Wisp |
| 2:53 | Moon Well |
| 3:07 | Archer |
| 3:54 | Archer |
| 3:56 | Tree of Ages |
| 4:03 | Archer |
| 5:01 | Archer |
| 5:11 | Hunter's Hall |
| 5:14 | Moon Well |
| 5:15 | Archer |
| 5:53 | Ancient of Wonders |
| 6:39 | Ancient of Lore |
| 6:43 | Ancient of Lore |
| 6:55 | Improved Bows |
| 8:02 | Mountain Giant |
| 8:28 | Moon Well |
| 8:37 | Entangling Roots |
| 8:54 | Tree of Eternity |
| 9:28 | Scroll of Town Portal |
| 9:43 | Moon Well |
| 9:53 | Glaive Thrower |
| Select | 149 |
| Right click | 96 |
| Build/train/purchase | 37 |
| Select group | 15 |
| Assign group | 9 |
| Minimap ping | 2 |
| Use ability | 1 |
| Remove unit | 1 |
| Esc | 1 |
⇛